 Dungeon Crawl Stone Soup version 0.29-a0-700-g2f1814c7b2 (webtiles) character file.

Game seed: 7867120743187666190

84 gobodom the Digger (level 4, -2/24 HPs)
             Began as a Gargoyle Earth Elementalist on June 26, 2022.
             Slain by an iguana (12 damage)
             ... on level 4 of the Dungeon.
             The game lasted 00:09:29 (2868 turns).

gobodom the Digger (Gargoyle Earth Elementalist)    Turns: 2868, Time: 00:09:30

Health: -2/24      AC:  7    Str: 11    XL:     4   Next: 45%
Magic:  7/8        EV: 12    Int: 25    God:
Gold:   108        SH:  0    Dex: 10    Spells: 8/9 levels left

rFire   . . .      SeeInvis .   r - +9 hand axe of Dominance {flame, Drain Int+7}
rCold   . . .      Faith    .   (no shield)
rNeg    + . .      Spirit   .   a - +0 robe
rPois   ∞          Reflect  .   o - +1 hat
rElec   +          Harm     .   (no cloak)
rCorr   .          Rampage  .   (no gloves)
Will    .....                   q - +0 pair of boots
Stlth   ++........              (no amulet)
HPRegen 0.08/turn               n - ring of wizardry
MPRegen 0.11/turn               (no ring)

@: no status effects
A: sickness immunity, AC +3, negative energy resistance 1, electricity
resistance, torment resistance 1, petrification resistance
a: no special abilities


You were on level 4 of the Dungeon.
You visited 1 branch of the dungeon, and saw 4 of its levels.

You collected 108 gold pieces.

Inventory:

Hand Weapons
 p - a +1 dagger of protection
 r - the +9 hand axe of Dominance (weapon) {flame, Drain Int+7}
   (You found it on level 3 of the Dungeon)

   It burns those it strikes, dealing additional fire damage.
   Big, fiery blades are also staple armaments of hydra-hunters.
   Int:       It affects your intelligence (+7).
   Drain:     It drains your maximum health when unequipped.
Missiles
 u - 2 poisoned darts
Armour
 a - a +0 robe (worn)
 o - a +1 hat (worn)
 q - a +0 pair of boots (worn)
 t - an orb of mayhem
Magical Staves
 w - a staff of poison
Jewellery
 n - a ring of wizardry (left hand)
Wands
 h - a wand of paralysis (9)
Scrolls
 d - a scroll of teleportation {unknown}
 e - 4 scrolls of identify {unknown}
 f - a scroll of brand weapon {unknown}
 g - a scroll of amnesia {unknown}
 i - a scroll of enchant weapon {unknown}
 l - 2 scrolls of fear {unknown}
 s - a scroll of immolation {unknown}
Potions
 b - a potion of magic
 c - a potion of haste {unknown}
 j - a potion of curing {unknown}
 k - a potion of resistance {unknown}
 m - 2 potions of flight {unknown}
 v - a potion of invisibility {unknown}


   Skills:
 + Level 0.6 Fighting
 * Level 0.5(0.6) Axes
 - Level 0.3(0.6) Maces & Flails
 + Level 1.6 Dodging
 + Level 2.5 Stealth
 + Level 3.0 Spellcasting
 + Level 1.0 Transmutations
 + Level 4.5 Earth Magic


You had 8 spell levels left.
You knew the following spells:

 Your Spells              Type           Power      Damage    Failure   Level
a - Sandblast             Erth           52%        2d12      1%          1

Your spell library contained the following spells:

 Spells                   Type           Power      Damage    Failure   Level
 Passwall                 Tmut/Erth      14%        N/A       1%          2
 Beastly Appendage        Tmut           16%        N/A       2%          1
 Freeze                   Ice            12%        1d4       4%          1
 Wereblood                Tmut           8%         N/A       4%          2
 Stone Arrow              Conj/Erth      30%        3d8       4%          3
 Ensorcelled Hibernation  Hex/Ice        6%         N/A       6%          2
 Spider Form              Tmut/Pois      6%         N/A       10%         3
 Frozen Ramparts          Ice            6%         1d2       12%         3
 Petrify                  Tmut/Erth      17%        N/A       13%         4
 Anguish                  Hex/Necr       1%         N/A       36%         4
 Hailstorm                Conj/Ice       3%         3d3       36%         4


Dungeon Overview and Level Annotations

Branches:
Dungeon (4/15)
 Temple: D:4-7

Altars:


Innate Abilities, Weirdness & Mutations

You are immune to sickness and miasma.
Your stone body is resilient. (AC +3)
You are immune to poison.
You resist negative energy. (rN+)
You are resistant to electric shocks. (rElec)
You are resistant to unholy torment.
You are immune to petrification.


Message History

You kill the hobgoblin!
A frilled lizard comes into view.
The helpless frilled lizard fails to defend itself.
You hit the frilled lizard. You burn the frilled lizard.
You kill the frilled lizard!
You see here a frilled lizard corpse.
Done exploring.
Done exploring.
There is a stone staircase leading down here.
You climb downwards.
You hear the hiss of flowing sand.
There is an entrance to an ossuary on this level.
Hurry and find it before the portal is buried!
The ball python hisses angrily.
The iguana hisses angrily.
Found a thick runed staff.
There is a stone staircase leading up here.
An orc comes into view. It is wielding a +0 short sword.
The orc shouts! x2; You hear a shout! x2
A hobgoblin comes into view.
You see here a staff of poison.
w - a staff of poison The blast of sand hits the orc but does no damage.
The orc hits you but does no damage.
You hit the orc. You burn the orc.
The orc is moderately wounded.
You barely miss the iguana. The iguana bites you!
Ouch! That really hurt!
The orc hits you with a +0 flail.
You hit the orc. You burn the orc.
The orc is almost dead.
You closely miss the iguana. The iguana closely misses you.
The orc hits you but does no damage. The iguana attacks as you move away!
The iguana closely misses you.
A worm comes into view.
The iguana attacks as you move away! The iguana misses you.
The orc attacks as you move away! The orc closely misses you.
The iguana attacks as you move away!
The iguana bites you but does no damage.
The iguana attacks as you move away! The iguana bites you!
Ouch! That really hurt!
You die...

.... .....#####
.......<.######
..........##..#
.#............##
...............#####
........#....o.o...#
........#.....gl...#
........#.....##@..#
....o......#..###.......
.........###.# .......
......... #.. .#.....
w.. #.. ##.##.. .. . . .
..


You could see an iguana, 2 orcs and a hobgoblin.

Vanquished Creatures
  An adder (D:3)
  3 worms (D:3)
  3 dart slugs
  An orc (D:3)
  3 ball pythons
  4 endoplasms
  A giant cockroach (D:2)
  6 hobgoblins
  8 kobolds
  3 quokkas
  8 bats
  6 frilled lizards
  5 goblins
  5 rats
57 creatures vanquished.

Notes
Turn   | Place    | Note
-------+----------+-------------------------------------------
     0 | D:1      | gobodom the Gargoyle Earth Elementalist began the quest for
                  | the Orb.
     0 | D:1      | Reached XP level 1. HP: 10/10 MP: 3/3
    67 | D:1      | Reached skill level 1 in Transmutations
   113 | D:1      | Found a faded altar of an unknown god.
   116 | D:1      | Reached XP level 2. HP: 8/15 MP: 5/5
   621 | D:1      | Reached skill level 4 in Earth Magic
   984 | D:1      | Reached XP level 3. HP: 20/20 MP: 6/6
  1978 | D:3      | Identified the +9 hand axe of Dominance {flame, Drain
                  | Int+7}
  2247 | D:3      | Reached XP level 4. HP: 24/24 MP: 8/8
  2868 | D:4      | Slain by an iguana

Illustrated notes

Levels and vault maps discovered:
D:1:      dpeg_arrival_tiny_h, layout_loops_ring,
          shapermc_ecumenical_altar_pompeii, grunt_decor_one_mirror
D:2:      layout_basic, minmay_splitting_lines, corexii_leaking_fountain
D:3:      layout_loops_ring
D:4:      layout_cave_pools, minmay_temple_entry_butterflies,
          ebering_ghost_disaster_area, nicolae_ossuary_entry_ruins

Skill      XL: |  1  2  3  4 |
---------------+-------------+-----
Transmutations | 1 |  1.0
Earth Magic    | 4 |  4.5
Spellcasting   | 3 |  3.0
Fighting       | |  0.6
Axes           | |  0.5
Maces & Flails | |  0.3
Dodging        | |  1.6
Stealth        | |  2.5

Action                   |  1- 3 |  4- 6 || total
-------------------------+-------+-------++-------
Melee: Club              |    21 |       ||    21
       Hand axe          |     7 |    27 ||    34
       Dagger            |     6 |       ||     6
       Punch             |     2 |       ||     2
 Cast: Sandblast         |    42 |     1 ||    43
 Stab: Sleeping          |     1 |     5 ||     6
Armor: Robe              |    22 |    11 ||    33
Dodge: Dodged            |    21 |    21 ||    42

Table legend: (Time is in decaauts)
 A = Elapsed time spent in this place.
 B = Non-inter-level travel time spent in this place.
 C = Inter-level travel time spent in this place.
 D = Time resting spent in this place.
 E = Time spent auto-exploring this place.
 F = Levels seen in this place.
 G = Mean time per level.
                   A        B        C        D        E       F      G
               +--------+--------+--------+--------+--------+-----+--------+
         Total |   2925 |   2925 |      0 |    342 |   1931 |   4 |  731.2 |
       Dungeon |   2925 |   2925 |      0 |    342 |   1931 |   4 |  731.2 |
               +--------+--------+--------+--------+--------+-----+--------+

Top non-repeatable levels by time:
     D:1: 1064 daAuts
     D:2: 938 daAuts
     D:3: 907 daAuts
     D:4: 15 daAuts
